 Dungeon Crawl Stone Soup version 0.24-a0-165-g1b465fe (webtiles) character file.

Game seed: 11485552592262619941

244 Dfrag the Grave Robber (level 5, 0/42 HPs)
             Began as a Deep Dwarf Necromancer on Mar 6, 2019.
             Slain by a gnoll (7 damage)
             ... on level 3 of the Dungeon.
             The game lasted 00:03:15 (2049 turns).

Dfrag the Grave Robber (Deep Dwarf Necromancer)     Turns: 2049, Time: 00:03:16

Health: 0/42       AC:  6    Str: 11    XL:     5   Next: 83%
Magic:  1/11       EV: 12    Int: 17    God:
Gold:   148        SH:  0    Dex: 13    Spells: 8/12 levels left

rFire    . . .     SeeInvis .   d - +1 short sword (venom)
rCold    . . .     Gourm    .   (no shield)
rNeg     . . .     Faith    .   o - +2 animal skin
rPois    .         Spirit   .   n - +1 helmet
rElec    .         Reflect  .   (no cloak)
rCorr    .         Harm     .   (no gloves)
MR       .....                  (no boots)
Stlth    +++.......             (no amulet)
HPRegen  0.00/turn              g - ring of stealth
MPRegen  0.12/turn              s - ring of flight

@: non-regenerating
A: damage resistance, heal wounds, sense surroundings 1, no regeneration
a: Heal Wounds, Evoke Flight


You were on level 3 of the Dungeon.
You were very hungry.

You visited 1 branch of the dungeon, and saw 4 of its levels.

You collected 148 gold pieces.

Inventory:

Hand Weapons
 d - a +1 short sword of venom (weapon)
Armour
 a - a +0 robe
 n - a +1 helmet (worn)
 o - a +2 animal skin (worn)
Jewellery
 g - a ring of stealth (left hand)
 s - a ring of flight (right hand)
Scrolls
 b - 3 scrolls of identify {unknown}
 e - a scroll of blinking {unknown}
 h - a scroll of enchant weapon {unknown}
 i - a scroll of fog {unknown}
 k - 2 scrolls of remove curse {unknown}
 l - a scroll of random uselessness {unknown}
 p - a scroll of immolation {unknown}
 q - 3 scrolls of amnesia {unknown}
 r - a scroll of teleportation {unknown}
Potions
 f - a potion of might {unknown}
 j - 5 potions of curing {unknown}
Comestibles
 c - 7 rations


   Skills:
 - Level 2.1 Dodging
 - Level 2.4 Stealth
 * Level 4.3 Spellcasting
 + Level 5.7 Necromancy


You had 8 spell levels left.
You knew the following spells:

 Your Spells              Type           Power        Failure   Level  Hunger
a - Pain                  Necr           ###.         1%          1    None
b - Vampiric Draining     Necr           ###.......   4%          3    ###....

Your spell library contained the following spells:

 Spells                   Type           Power        Failure   Level  Hunger
 Animate Skeleton         Necr           N/A          1%          1    None
 Animate Dead             Necr           N/A          14%         4    ####...
 Regeneration             Chrm/Necr      Unusable     N/A         3    N/A

Dungeon Overview and Level Annotations

Branches:
Dungeon (4/15)
 Temple: D:4-7

Altars:
Okawaru


Innate Abilities, Weirdness & Mutations

You are resistant to damage.
You can heal yourself by infusing magical energy.
You passively map a small area around you.
You do not regenerate.


Message History

There is a stone staircase leading down here.
Unknown command.
Unknown command.
The gnoll misses you. The gnoll barely misses you. The gnoll barely misses you.
The gnoll throws a throwing net.
The throwing net hits you.
You become entangled in the net!
You see here a throwing net.
You tear a large gash into the net.
The gnoll barely misses you.
You struggle against the net.
The gnoll hits you.
* * * LOW HITPOINT WARNING * * *
You shred the net and break free! The gnoll hits you.
The gnoll closely misses you.
You puncture the gnoll!
The gnoll is poisoned.
The gnoll is heavily wounded.
The gnoll misses you.
You barely miss the gnoll.
The gnoll is heavily wounded.
The gnoll hits you!
You die...

#.........................#.#####
#......#..................#.#
#.....##................###.#
#.....###...........#...###.# #
#.....####..<##...#......#..#####
#####..# #######.##.##.#.#.##....
##.## #.##.##.#...##.### #..#
#.#..##..........# ##.#
#@#.###..........# #.# #g#.#
#..........# #.# #g#.#
#..).......# #.#
####.#.###......##... #.#
#>..........#...##### #.#
#....)..##.......## #.#
#.......##..##....### #.#
#.......##..#####.... #.#
#.......#...# #.###


You could see 2 gnolls.

Vanquished Creatures
  An ogre (D:4)
  An orc priest (D:3)
  An orc wizard (D:2)
  Robin (D:2)
  An adder (D:3)
  A worm (D:3)
  5 dart slugs
  4 leopard geckos
  6 orcs
  2 giant cockroaches
  8 goblins
  6 hobgoblins
  5 jackals (D:2)
  A ball python (D:3)
  7 bats
  5 frilled lizards
  6 kobolds
  5 rats
66 creatures vanquished.

Notes
Turn   | Place    | Note
-------+----------+-------------------------------------------
     0 | D:1      | Dfrag the Deep Dwarf Necromancer began the quest for the
                  | Orb.
     0 | D:1      | Reached XP level 1. HP: 15/15 MP: 3/3
   141 | D:1      | Reached XP level 2. HP: 22/22 MP: 0/5
   383 | D:1      | Reached XP level 3. HP: 16/28 MP: 4/7
   572 | D:1      | Learned a level 3 spell: Vampiric Draining
   975 | D:2      | Noticed Robin
   993 | D:2      | Killed Robin
  1059 | D:2      | Found an iron altar of Okawaru.
  1068 | D:2      | Reached skill level 5 in Necromancy
  1361 | D:2      | Reached XP level 4. HP: 27/36 MP: 2/9
  1658 | D:3      | Reached XP level 5. HP: 27/42 MP: 1/10
  2026 | D:4      | Noticed an ogre
  2036 | D:4      | Killed an ogre
  2049 | D:3      | Slain by a gnoll

Levels and vault maps discovered:
D:1:      dpeg_arrival_solitude, layout_rooms, minmay_stone_trees_small
D:2:      layout_basic, lemuel_doored_altar, kennysheep_generic_room_12,
          uniq_robin
D:3:      layout_rooms, first_ration, chequers_serial_rivers_small_3
D:4:      layout_loops_ring, kennysheep_mini, hangedman_decor_peaks_small,
          uniq_menkaure

Skill      XL: |  1  2  3  4  5 |
---------------+----------------+-----
Spellcasting   | 2 3 4 |  4.3
Necromancy     | 5 |  5.7
Dodging        | |  2.1
Stealth        | |  2.4

Action                   |  1- 3 |  4- 6 || total
-------------------------+-------+-------++-------
Melee: Unarmed           |    36 |       ||    36
       Short sword       |    40 |    44 ||    84
 Cast: Pain              |    25 |    12 ||    37
       Vampiric Draining |    12 |    14 ||    26
 Stab: Sleeping          |     2 |     2 ||     4
  Eat: Chunk             |     3 |     2 ||     5
Armor: Robe              |    14 |       ||    14
       Animal skin       |     7 |    10 ||    17
Dodge: Dodged            |    75 |    46 ||   121

Table legend:
 A = Non-vault XP
 B = Vault XP
 C = Vault XP percentage of total XP
 D = Non-vault monster count
 E = Vault monster count
 F = Vault count percentage of total count
                 A         B        C        D         E       F
            +---------+---------+-------+---------+---------+-------
      Total |     319 |      30 |   8.6 |      58 |       8 |  12.1
            +---------+---------+-------+---------+---------+-------
        D:1 |      41 |       0 |   0.0 |      20 |       0 |   0.0
        D:2 |      68 |      30 |  30.6 |      16 |       8 |  33.3
        D:3 |      98 |       0 |   0.0 |      21 |       0 |   0.0
        D:4 |     112 |       0 |   0.0 |       1 |       0 |   0.0
            +---------+---------+-------+---------+---------+-------
